AoeStats
← toomuchdog

MegaRandom

505381681Analyzed
1v1 RM · 24d ago on Sep 9, 2026· 81m 51s· 2 players
Game mode
Random Map
Map size
Tiny (2 player)
Population
200
Speed
Normal
Resources
Standard
Victory
Conquest
Starting age
Dark Age
Ending age
Imperial Age
RankedLock teamsTeams togetherTeam positionsShared explorationLock speedFull tech treeHidden civsTurbo modeCheats
Victory
Defeat
🇩🇪 Jurchens · Germany
1349
+17
🇨🇦 Magyars · Canada
1371
-17
SchneckeLuchs25
4:38 Loom
7:31 Loom
12:32 Feudal Age
13:35 Double-Bit Axe
14:47 Horse Collar
20:58 Castle Age
22:08 Pikeman
23:51 Fishing Lines
24:22 Medium Warships
24:55 Sanctity
26:57 Forging
27:00 Bloodlines
28:32 Demolition Ship
29:21 Squires
29:09 Demolition Ship
31:11 Fletching
31:37 Husbandry
32:03 Bodkin Arrow
32:39 Scale Barding Armor
37:04 Imperial Age
38:21 Wheelbarrow
37:31 Town Watch
39:35 Ballistics
39:26 Masonry
39:41 Heavy Plow
39:16 Elite Skirmisher
40:23 Conscription
40:03 Demolition Ship
41:45 Bracer
44:05 Chemistry
43:56 Elite Steppe Lancer
45:00 Chain Barding Armor
44:53 Padded Archer Armor
45:41 Herbal Medicine
46:31 Plate Barding Armor
46:33 Bow Saw
46:47 Gold Mining
46:47 Stone Mining
49:32 Halberdier
57:27 Heavy Warships
58:11 Town Patrol
58:26 Hand Cart
60:36 Siege Engineers
64:39 Guilds
65:47 Architecture
66:44 Careening
70:39 Iron Casting
72:04 Clinker Construction
73:50 Blast Furnace
72:49 Light Cavalry
toomuchdog
4:29 Loom
13:13 Feudal Age
17:41 Castle Age
18:04 Bloodlines
18:25 Caravan
18:25 Horse Collar
18:34 Double-Bit Axe
19:22 Husbandry
26:19 Wheelbarrow
25:36 Fletching
25:59 Town Watch
26:19 Bodkin Arrow
27:18 Light Cavalry
28:04 Gold Mining
28:34 Bloodlines
28:15 Horse Collar
30:32 Padded Archer Armor
29:57 Light Cavalry
31:58 Ballistics
34:20 Hand Cart
36:34 Heavy Plow
37:09 Bow Saw
38:10 Scale Barding Armor
41:07 Imperial Age
39:18 Leather Archer Armor
40:25 Thumb Ring
40:38 Corvinian Army
42:08 Gold Shaft Mining
41:50 Bracer
42:20 Ring Archer Armor
42:58 Chemistry
43:00 Ring Archer Armor
43:39 Stone Mining
44:35 Siege Engineers
45:00 Parthian Tactics
45:10 Scale Barding Armor
45:46 Conscription
46:36 Chain Barding Armor
47:29 Conscription
47:50 Recurve Bow
47:55 Heavy Cavalry Archer
51:01 Plate Barding Armor
51:38 Two-Man Saw
50:40 Elite Magyar Huszar
51:41 Conscription
51:58 Elite Skirmisher
58:34 Hoardings
64:54 Town Patrol
67:28 Crop Rotation
67:16 Medium Warships
68:32 Heavy Warships
68:45 Shipwright
68:38 Careening
72:54 Guard Tower
72:59 Murder Holes
Connection lost

Rejoining the realm…

Still unreachable

The connection could not be restored.

Session expired

The server has moved on; the page needs a fresh start.